MLB
TEXAS RANGERS @ OAKLAND ATHLETICS
08/10/2049
 
TOP OF THE 1ST
Texas Rangers batting - Pitching for Oakland Athletics : RHP Bryce Schimmoeller
Pitching: RHP Bryce Schimmoeller
Batting: RHB Josh Ferguson 0-0: Swinging Strike
0-1: Swinging Strike
0-2: Ball
1-2: Ball
2-2: Strikes out swinging
Batting: RHB Marc Peckermark 0-0: Called Strike
0-1: Swinging Strike
0-2: Strikes out looking
Batting: RHB Zhao-ji Chi 0-0: Hit by Pitch
Batting: SHB John Giesbrecht 0-0: Ball
1-0: Foul Ball, location: 2F
1-1: Foul Ball, location: 2F
1-2: Ball
2-2: Ground out 4-3 (Groundball, 34S, EV 84.4 MPH)
Top of the 1st over - 0 runs, 0 hits, 0 errors, 1 left on base; Texas 0 - Oakland 0
BOTTOM OF THE 1ST
Oakland Athletics batting - Pitching for Texas Rangers : LHP Alfonso Guillen
Pitching: LHP Alfonso Guillen
Batting: RHB Jason May 0-0: Called Strike
0-1: Foul Ball, location: 2F
0-2: Ball
1-2: Foul Ball, location: 2F
1-2: Ball
2-2: Ball
3-2: Foul Ball, location: 2F
3-2: Base on Balls
Batting: LHB Tom Butterbaugh 0-0: Ball
1-0: Ball
Wild Pitch!
Jason May to second
2-0: Ball
3-0: Base on Balls
Batting: RHB Muneo Kawachi 0-0: Ball
1-0: Swinging Strike
1-1: Foul Ball, location: 2F
1-2: Ball
2-2: Ball
3-2: Strikes out swinging
Batting: RHB Randy Shrewsbury 0-0: Called Strike
0-1: Swinging Strike
0-2: Strikes out swinging
Batting: RHB Jorge Severiano 0-0: Ball
1-0: Ball
2-0: Foul Ball, location: 2F
2-1: Fly out, F9 (Line Drive, 9, EV 86.2 MPH)
Bottom of the 1st over - 0 runs, 0 hits, 0 errors, 2 left on base; Texas 0 - Oakland 0
TOP OF THE 2ND
Texas Rangers batting - Pitching for Oakland Athletics : RHP Bryce Schimmoeller
Batting: RHB Blake Ballard 0-0: Ball
1-0: Ground out 6-3 (Groundball, 6M, EV 91.2 MPH)
Batting: SHB Rich Chavez 0-0: SINGLE (Groundball, 56D, EV 98.1 MPH)
Batting: SHB Tony Prado 0-0: Foul Ball, location: 2F
0-1: Ball
1-1: Foul Ball, location: 2F
1-2: Foul Ball, location: 2F
1-2: Ball
2-2: Ball
3-2: Strikes out swinging
Batting: RHB Travis Robinson 0-0: Called Strike
0-1: Ground out 6-3 (Groundball, 6MS, EV 65.6 MPH)
Top of the 2nd over - 0 runs, 1 hit, 0 errors, 1 left on base; Texas 0 - Oakland 0
BOTTOM OF THE 2ND
Oakland Athletics batting - Pitching for Texas Rangers : LHP Alfonso Guillen
Batting: RHB Robby Juarez 0-0: Ball
1-0: Called Strike
1-1: Called Strike
1-2: Foul Ball, location: 2F
1-2: Strikes out looking
Batting: RHB Nick Gentzel 0-0: Foul Ball, location: 2F
0-1: Ball
1-1: Swinging Strike
1-2: Foul Ball, location: 2F
1-2: Strikes out swinging
Batting: LHB Jeff Luvisi 0-0: Called Strike
0-1: SINGLE (Groundball, 56S, EV 66.9 MPH) (infield hit)
Batting: SHB Quincy Bradford 0-0: Called Strike
0-1: Called Strike
0-2: Strikes out swinging
Bottom of the 2nd over - 0 runs, 1 hit, 0 errors, 1 left on base; Texas 0 - Oakland 0
TOP OF THE 3RD
Texas Rangers batting - Pitching for Oakland Athletics : RHP Bryce Schimmoeller
Batting: SHB Vince Ealy 0-0: Called Strike
0-1: Ball
1-1: Ball
2-1: Fly out, F8 (Flyball, 78S, EV 89.4 MPH)
Batting: RHB Josh Ferguson 0-0: Called Strike
0-1: Called Strike
0-2: Ball
1-2: Reached on error, E5 (Groundball, 56, EV 108.8 MPH)
Batting: RHB Marc Peckermark 0-0: Called Strike
0-1: Called Strike
0-2: SINGLE (Line Drive, 9S, EV 110.6 MPH)
Josh Ferguson to second
Batting: RHB Zhao-ji Chi 0-0: Ball
1-0: Foul Ball, location: 2F
1-1: Foul Ball, location: 2F
1-2: Foul Ball, location: 2F
1-2: Strikes out looking
Batting: SHB John Giesbrecht 0-0: Ball
1-0: Called Strike
1-1: Ball
2-1: Called Strike
2-2: Ball
3-2: Ground out 4-3 (Groundball, 4S, EV 89.4 MPH)
Top of the 3rd over - 0 runs, 1 hit, 1 error, 2 left on base; Texas 0 - Oakland 0
BOTTOM OF THE 3RD
Oakland Athletics batting - Pitching for Texas Rangers : LHP Alfonso Guillen
Batting: RHB Jason May 0-0: Ball
1-0: Swinging Strike
1-1: Ball
2-1: Foul Ball, location: 2F
2-2: Ball
3-2: Foul Ball, location: 2F
3-2: Strikes out looking
Batting: LHB Tom Butterbaugh 0-0: Called Strike
0-1: Foul Ball, location: 2F
0-2: Fly out, F7 (Flyball, 7, EV 81.2 MPH)
Batting: RHB Muneo Kawachi 0-0: Ball
1-0: Ball
2-0: Ball
3-0: Base on Balls
Batting: RHB Randy Shrewsbury 0-0: Called Strike
0-1: Called Strike
0-2: Ball
1-2: Foul Ball, location: 2F
1-2: Fly out, F8 (Flyball, 8LD, EV 94.4 MPH)
Bottom of the 3rd over - 0 runs, 0 hits, 0 errors, 1 left on base; Texas 0 - Oakland 0
TOP OF THE 4TH
Texas Rangers batting - Pitching for Oakland Athletics : RHP Bryce Schimmoeller
Batting: RHB Blake Ballard 0-0: Ball
1-0: Foul Ball, location: 2F
1-1: Swinging Strike
1-2: Fly out, F8 (Flyball, 78M, EV 81.2 MPH)
Batting: SHB Rich Chavez 0-0: Ground out 5-3 (Groundball, 56, EV 106.9 MPH)
Batting: SHB Tony Prado 0-0: Ball
1-0: Ball
2-0: Foul Ball, location: 2F
2-1: Swinging Strike
2-2: Strikes out swinging
Top of the 4th over - 0 runs, 0 hits, 0 errors, 0 left on base; Texas 0 - Oakland 0
BOTTOM OF THE 4TH
Oakland Athletics batting - Pitching for Texas Rangers : LHP Alfonso Guillen
Batting: RHB Jorge Severiano 0-0: Called Strike
0-1: Called Strike
0-2: Foul Ball, location: 2F
0-2: Foul Ball, location: 2F
0-2: Foul Ball, location: 2F
0-2: Ball
1-2: Foul Ball, location: 2F
1-2: Foul Ball, location: 2F
1-2: Ball
2-2: SOLO HOME RUN (Flyball, 7D, EV 100.0 MPH), Distance : 380 ft
Batting: RHB Robby Juarez 0-0: Ball
1-0: Ball
2-0: Called Strike
2-1: Ball
3-1: Foul Ball, location: 2F
3-2: Foul Ball, location: 2F
3-2: Base on Balls
Batting: RHB Nick Gentzel 0-0: Ball
Robby Juarez steals 2nd base
1-0: Ball
2-0: Called Strike
2-1: Fly out, F8 (Flyball, 8LM, EV 85.6 MPH)
Batting: LHB Jeff Luvisi 0-0: Ball
Robby Juarez steals 3rd base
1-0: Ball
2-0: Ball
3-0: Fly out, F9 (Flyball, 9, EV 81.2 MPH)
Runner from 3rd tags up, SCORES, no throw by RF
Batting: SHB Quincy Bradford 0-0: Ball
1-0: Called Strike
1-1: Swinging Strike
1-2: Ball
2-2: Ball
3-2: Foul Ball, location: 2F
3-2: Foul Ball, location: 2F
3-2: SINGLE (Line Drive, 7S, EV 92.5 MPH)
Batting: RHB Jason May 0-0: Ball
1-0: Swinging Strike
1-1: Ball
2-1: Foul Ball, location: 2F
2-2: Foul Ball, location: 2F
2-2: Foul Ball, location: 2F
2-2: Foul Ball, location: 2F
2-2: Ball
Pickoff Throw by Catcher to First - Out!
Bottom of the 4th over - 2 runs, 2 hits, 0 errors, 0 left on base; Texas 0 - Oakland 2
TOP OF THE 5TH
Texas Rangers batting - Pitching for Oakland Athletics : RHP Bryce Schimmoeller
Batting: RHB Travis Robinson 0-0: Foul Ball, location: 2F
0-1: Ball
1-1: Foul Ball, location: 2F
1-2: Ball
2-2: Ball
3-2: Fly out, F5 (Flyball, 5D, EV 90.0 MPH)
Batting: SHB Vince Ealy 0-0: Ball
1-0: Ball
2-0: Ground out 6-3 (Groundball, 6D, EV 101.2 MPH)
Batting: RHB Josh Ferguson 0-0: Called Strike
0-1: Called Strike
0-2: Strikes out swinging
Top of the 5th over - 0 runs, 0 hits, 0 errors, 0 left on base; Texas 0 - Oakland 2
BOTTOM OF THE 5TH
Oakland Athletics batting - Pitching for Texas Rangers : LHP Alfonso Guillen
Pitching: RHP Isaburo Ishihara
Batting: RHB Jason May 0-0: Called Strike
0-1: Foul Ball, location: 2F
0-2: Ball
1-2: Ball
2-2: SINGLE (Groundball, 34D, EV 95.0 MPH)
Batting: LHB Tom Butterbaugh 0-0: Ball
1-0: Sac Bunt to 3S - play at first, batter OUT! 3-1
Jason May to second
Batting: RHB Muneo Kawachi 0-0: Ball
1-0: Ball
2-0: Ball
3-0: Called Strike
3-1: Swinging Strike
3-2: Base on Balls
Batting: RHB Randy Shrewsbury 0-0: Ball
1-0: SINGLE (Groundball, 34D, EV 104.4 MPH)
Jason May to third
Muneo Kawachi to second
Batting: RHB Jorge Severiano 0-0: Grounds into double play, 6-4-3 (Groundball, 6, EV 108.1 MPH)
Bottom of the 5th over - 0 runs, 2 hits, 0 errors, 2 left on base; Texas 0 - Oakland 2
TOP OF THE 6TH
Texas Rangers batting - Pitching for Oakland Athletics : RHP Bryce Schimmoeller
Batting: RHB Marc Peckermark 0-0: Swinging Strike
0-1: DOUBLE (Flyball, 8RXD, EV 98.1 MPH)
Batting: RHB Zhao-ji Chi 0-0: Called Strike
0-1: Fly out, F3 (Popup, 34S, EV 72.5 MPH)
Batting: SHB John Giesbrecht 0-0: Foul Ball, location: 2F
0-1: Ball
1-1: Foul Ball, location: 2F
1-2: Ball
2-2: Fly out, F7 (Flyball, 78M, EV 90.6 MPH)
Batting: RHB Blake Ballard 0-0: Ball
1-0: Ball
2-0: Foul Ball, location: 2F
2-1: Swinging Strike
2-2: Strikes out swinging
Top of the 6th over - 0 runs, 1 hit, 0 errors, 1 left on base; Texas 0 - Oakland 2
BOTTOM OF THE 6TH
Oakland Athletics batting - Pitching for Texas Rangers : RHP Isaburo Ishihara
Batting: RHB Robby Juarez 0-0: Ball
1-0: Called Strike
1-1: Ball
2-1: TRIPLE (Flyball, 78XD, EV 103.8 MPH)
Batting: RHB Nick Gentzel 0-0: Ball
1-0: Called Strike
1-1: Ball
2-1: Called Strike
2-2: Ball
3-2: Strikes out looking
Batting: LHB Jeff Luvisi 0-0: Ball
1-0: Ball
2-0: Ball
3-0: Base on Balls
Pitching: RHP Mark Lopez
Batting: SHB Quincy Bradford 0-0: Swinging Strike
0-1: Called Strike
0-2: Strikes out swinging
Batting: RHB Jason May 0-0: Swinging Strike
0-1: Foul Ball, location: 2F
0-2: Ball
1-2: Ball
2-2: Strikes out swinging
Bottom of the 6th over - 0 runs, 1 hit, 0 errors, 2 left on base; Texas 0 - Oakland 2
TOP OF THE 7TH
Texas Rangers batting - Pitching for Oakland Athletics : RHP Bryce Schimmoeller
Batting: SHB Rich Chavez 0-0: Ball
1-0: Swinging Strike
1-1: Swinging Strike
1-2: Strikes out swinging
Batting: SHB Tony Prado 0-0: Ball
1-0: Called Strike
1-1: Called Strike
1-2: Foul Ball, location: 2F
1-2: Foul Ball, location: 2F
1-2: Ball
2-2: Ground out 6-3 (Groundball, 6, EV 88.8 MPH)
Batting: RHB Travis Robinson 0-0: Ball
1-0: Swinging Strike
1-1: SINGLE (Flyball, 4D, EV 85.6 MPH)
Batting: SHB Vince Ealy 0-0: Swinging Strike
0-1: Swinging Strike
0-2: Strikes out swinging
Top of the 7th over - 0 runs, 1 hit, 0 errors, 1 left on base; Texas 0 - Oakland 2
BOTTOM OF THE 7TH
Oakland Athletics batting - Pitching for Texas Rangers : RHP Mark Lopez
Batting: LHB Tom Butterbaugh 0-0: Ball
1-0: Foul Ball, location: 2F
1-1: Foul Ball, location: 2F
1-2: Strikes out swinging
Batting: RHB Muneo Kawachi 0-0: Ball
1-0: SOLO HOME RUN (Flyball, 9D, EV 98.8 MPH), Distance : 388 ft
Batting: RHB Randy Shrewsbury 0-0: Swinging Strike
0-1: Ball
1-1: Called Strike
1-2: Strikes out looking
Batting: RHB Jorge Severiano 0-0: Called Strike
0-1: Ball
1-1: Swinging Strike
1-2: Ball
2-2: Strikes out swinging
Bottom of the 7th over - 1 run, 1 hit, 0 errors, 0 left on base; Texas 0 - Oakland 3
TOP OF THE 8TH
Texas Rangers batting - Pitching for Oakland Athletics : RHP Bryce Schimmoeller
Now at C: Garry Hash
Batting: RHB Josh Ferguson 0-0: Ball
1-0: Ball
2-0: Ball
3-0: Called Strike
3-1: SINGLE (Groundball, 56D, EV 103.1 MPH)
Pitching: RHP Hunter Vanderhyden
Batting: RHB Marc Peckermark 0-0: Foul Ball, location: 2F
0-1: Ball
1-1: Ball
2-1: Ball
3-1: Called Strike
3-2: Foul Ball, location: 2F
3-2: Strikes out swinging
Batting: RHB Zhao-ji Chi 0-0: Called Strike
0-1: Ball
1-1: Ball
2-1: Called Strike
2-2: Fly out, F3 (Popup, 34S, EV 74.4 MPH)
Batting: SHB John Giesbrecht 0-0: Called Strike
0-1: Swinging Strike
0-2: Strikes out looking
Top of the 8th over - 0 runs, 1 hit, 0 errors, 1 left on base; Texas 0 - Oakland 3
BOTTOM OF THE 8TH
Oakland Athletics batting - Pitching for Texas Rangers : RHP Mark Lopez
Pitching: RHP Gavin Nelson
Batting: RHB Robby Juarez 0-0: Ball
1-0: Called Strike
1-1: Swinging Strike
1-2: Ball
2-2: Strikes out looking
Batting: RHB Nick Gentzel 0-0: Ball
1-0: Called Strike
1-1: Swinging Strike
1-2: Ground out 5-3 (Groundball, 56S, EV 85.6 MPH)
Batting: LHB Jeff Luvisi 0-0: Called Strike
0-1: Swinging Strike
0-2: Strikes out swinging
Bottom of the 8th over - 0 runs, 0 hits, 0 errors, 0 left on base; Texas 0 - Oakland 3
TOP OF THE 9TH
Texas Rangers batting - Pitching for Oakland Athletics : RHP Hunter Vanderhyden
Pitching: RHP Charlie Shook
Batting: RHB Blake Ballard 0-0: Called Strike
0-1: Swinging Strike
0-2: Strikes out swinging
Batting: SHB Rich Chavez 0-0: Called Strike
0-1: Ball
1-1: Ball
2-1: Swinging Strike
2-2: Ball
3-2: Foul Ball, location: 2F
3-2: Strikes out looking
Batting: SHB Tony Prado 0-0: Called Strike
0-1: Ball
1-1: Ball
2-1: Ball
3-1: Fly out, F8 (Flyball, 89D, EV 91.9 MPH)
Top of the 9th over - 0 runs, 0 hits, 0 errors, 0 left on base; Texas 0 - Oakland 3
Sunday, July 16th , 2023 - OOTP Baseball 24.6 Build 69